 Dungeon Crawl Stone Soup version 0.32-a0-422-g28b100f618 (webtiles) character file.

Game seed: 4267174426642138522

41866 zenocrate the Grappler (level 13, 0/91 (123) HPs)
             Began as a Troll Delver on Feb 21, 2024.
             Was a High Priest of Okawaru.
             Slain by a quicksilver ooze (11 damage)
             ... on level 5 of the Lair of Beasts.
             The game lasted 00:19:43 (14312 turns).

zenocrate the Grappler (Troll Delver)              Turns: 14312, Time: 00:19:43

HP:   0/91 (123)    AC: 14    Str: 27    XL:     13   Next: 82%
MP:   11/17         EV: 12    Int:  6    God:    Okawaru [*****.]
Gold: 1024          SH:  0    Dex: 11    Spells: 12/12 levels left

rFire   . .          .
                       - Unarmed
rCold   . . .        (no shield)
rNeg    . . .        I - +3 troll leather armour {Snorg}
rPois   .            (helmet restricted)
rElec   .            C - +0 cloak
rCorr   +            (gloves unavailable)
SInv    .            (boots unavailable)
Will    .....        A - amulet of regeneration
Stlth   ++           s - +4 ring of protection
HPRegen 2.75/turn    r - ring of resist corrosion
MPRegen 0.15/turn

%: no passive effects
@: weak-willed, very heavily drained
A: large, unfitting armour, claws 3, regeneration 1, shaggy fur 1, tough skin 1
a: Renounce Religion, Heroism, Finesse, Duel


You were on level 5 of the Lair of Beasts.
You worshipped Okawaru.
Okawaru was extremely pleased with you.
You visited 3 branches of the dungeon, and saw 16 of its levels.
You also visited: Sewer.

You collected 1024 gold pieces.

Inventory:

Missiles
 h - 2 large rocks
 t - 2 poisoned darts
 B - 3 silver javelins
 D - 5 boomerangs (quivered)
 E - 7 javelins
 F - a throwing net
 H - 5 curare-tipped darts
Armour
 l - +0 steam dragon scales
 C - a +0 cloak (worn)
 I - a +3 troll leather armour (worn) {Snorg}
Jewellery
 a - an amulet of reflection
 r - a ring of resist corrosion (right claw)
 s - a +4 ring of protection (left claw)
 A - an amulet of regeneration (around neck)
 G - a ring of willpower
Wands
 f - a wand of digging (3)
 J - a wand of flame (13)
Scrolls
 b - 4 scrolls of fog
 c - a scroll of brand weapon
 d - 5 scrolls of teleportation
 e - 3 scrolls of immolation
 i - 3 scrolls of torment
 k - a scroll of enchant weapon
 m - 5 scrolls of identify
 q - 3 scrolls of revelation
 v - 2 scrolls of silence
 x - a scroll of amnesia
 z - 2 scrolls of poison
Potions
 g - 2 potions of invisibility
 j - 2 potions of haste
 o - 3 potions of might
 p - a potion of brilliance
 u - 7 potions of ambrosia
 w - 4 potions of attraction
 K - a potion of resistance {unknown}


   Skills:
 + Level 6.8 Fighting
 * Level 7.5 Throwing
 + Level 7.4 Armour
 + Level 7.2 Dodging
 - Level 3.3 Stealth
 + Level 13.5 Unarmed Combat
 + Level 7.0 Invocations
 - Level 6.8 Evocations


You had 12 spell levels left.
You didn't know any spells.
Your spell library contained the following spells:

 Spells                   Type           Power      Damage    Failure   Level
 Sublimation of Blood     Necr           0%         N/A       63%         2
 Volatile Blastmotes      Fire/Tloc      0%         2d10      86%         3
 Fulminant Prism          Conj/Alch      0%         3d5       99%         4
 Iskenderun's Mystic Bla  Conj/Tloc      0%         2d3       99%         4
 Leda's Liquefaction      Alch/Erth      0%         N/A       99%         4
 Petrify                  Alch/Erth      0%         N/A       99%         4
 Irradiate                Conj/Alch      0%         3d11      100%        5
 Iskenderun's Battlesphe  Conj           0%         2d6       100%        5
 Lee's Rapid Deconstruct  Erth           0%         3d4*      100%        5
 Bombard                  Conj/Erth      0%         9d1       100%        6
 Eringya's Noxious Bog    Alch           0%         4d6       100%        6
 Summon Forest            Summ/Tloc      Unusable   N/A       N/A         5
 Spellforged Servitor     Conj/Summ      Unusable   N/A       N/A         7
 Summon Hydra             Summ           Unusable   N/A       N/A         7

Dungeon Overview and Level Annotations

Branches:
Dungeon (10/15)            Temple (1/1) D:7            Lair (5/5) D:10
  Swamp (0/4) Lair:2        Snake (0/4) Lair:3        Slime (0/5) Lair:5
    Orc (0/2) D:10          Sewer (visited)

Altars:
Ashenzari
Cheibriados
Dithmenos
Elyvilon
Fedhas
Gozag
Hepliaklqana
Kikubaaqudgha
Makhleb
Nemelex Xobeh
Okawaru
Qazlal
Ru
Sif Muna
Trog
Uskayaw
Vehumet
Wu Jian
Xom
Yredelemnul
Zin
The Shining One

Shops:
D:6 (

Annotations:
D:3 3 runed translucent doors, ninjaread99's ghost, amateur DrCj
D:5 1 runed translucent door, TheSexyCheese's ghost, novice CoFi
Lair:5 2 transporters, Ceno's ghost, journeyman CoWr


Innate Abilities, Weirdness & Mutations

You are too large for most types of armour.
You have claws for hands.
Your natural rate of healing is unusually fast.
You are covered in fur. (AC +1)
You have tough skin. (AC +1)


Message History

The eight-headed hydra bites you but does no damage. x2
The eight-headed hydra bites you!
The eight-headed hydra bites you but does no damage. x2
Aiming: Polymorph
Press: ? - help, Shift-Dir - straight line, f/p - eight-headed hydra
Aim: an eight-headed hydra (weak-willed, will become a broodmother, a water nymph, or a quicksilver ooze, chance to affect: 57%)
The eight-headed hydra evaporates and reforms as a quicksilver ooze!
The now-empty wand crumbles to dust.
The quicksilver ooze hits you! The quicksilver ooze engulfs you!
The quicksilver ooze closely misses you.
The yak gores you! The yak closely misses you.
Unknown command.
You cannot read scrolls while unable to breathe!
Unknown command.
You cannot read scrolls while unable to breathe!
Unknown command.
The ooze engulfing you falls away.
You gasp with relief as air once again reaches your lungs.
The quicksilver ooze attacks as it pursues you!
The quicksilver ooze hits you.
* * * LOW HITPOINT WARNING * * *
The quicksilver ooze engulfs you!
The quicksilver ooze hits you but does no damage.
The yak gores the fungus.
The fungus begins to die.
The yak gores the fungus!
The yak gores you.
* * * LOW HITPOINT WARNING * * *
The quicksilver ooze hits you.
The quicksilver ooze closely misses you.
Unknown command.
The ooze engulfing you falls away.
You gasp with relief as air once again reaches your lungs.
The quicksilver ooze attacks as it pursues you!
The quicksilver ooze hits you!
* * * LOW HITPOINT WARNING * * *
The quicksilver ooze hits you.
* * * LOW HITPOINT WARNING * * *
You feel your power leaking away. The yak attacks as it pursues you!
The yak barely misses you. The quicksilver ooze hits you!
You die...

♣♣..#P..........###...
♣♣###...........###..
#...P........###..
###...#.......#.#..
♣##....P.......###...
♣PP......#......###..
♣.....####P#..### #P.
♣♣...## ###P.# #..
♣..@!# #### #..
♣♣♣.YJ## #.. ♣...YP#
##. ♣.....Y....... ##
.....♣♣........ #.
....♣ ♣........ ##
..♣♣ ♣♣...)... ♣
♣....... ♣♣......


You could see a quicksilver ooze and 3 yaks.

Vanquished Creatures
  Snorg (Lair:4)
  Josephine (Lair:5)
  A boulder beetle (Lair:5)
  A two-headed ogre (D:9)
  3 death yaks (Lair:5)
  Sonja (Lair:5)
  Urug (D:10)
  A skyshark (Lair:4)
  Maurice (D:10)
  An oklob plant (Lair:5)
  2 black mambas
  Joseph (D:8)
  9 elephants
  8 cane toads
  2 gargoyles
  13 komodo dragons
  3 rime drakes
  4 polar bears
  A tyrant leech (Lair:2)
  A queen bee (Lair:1)
  Psyche (D:8)
  13 blink frogs
  4 wraiths
  A shadow (D:9)
  52 yaks
  6 wyverns
  3 basilisks
  Eustachio (D:4)
  A steam dragon (D:7)
  2 swamp worms (Lair:2)
  13 water moccasins
  5 orc warriors
  2 ice beasts
  2 sky beasts (D:6)
  23 wolves
  4 ogres
  5 black bears
  A tengu (Lair:3)
  3 centaurs
  2 phantoms (D:5)
  3 kobold brigands
  19 bullfrogs
  A gnoll sergeant (D:6)
  3 scorpions
  11 wights
  35 killer bees
  2 howler monkeys (D:9)
  3 bombardier beetles
  6 orc priests
  A gnoll bouda (D:7)
  3 hounds
  3 jellies
  7 iguanas
  9 orc wizards
  Robin (D:4)
  11 gnolls
  14 adders
  2 river rats (Sewer)
  3 shadow imps
  3 white imps
  An ufetubus (D:6)
  3 dart slugs
  3 ribbon worms
  35 orcs
  18 ball pythons
  3 endoplasms
  4 giant cockroaches
  14 goblins
  15 hobgoblins
  9 jackals
  3 quokkas
  3 bats
  6 frilled lizards
  11 kobolds
  30 rats
498 creatures vanquished.

Notes
Turn   | Place    | Note
-------+----------+-------------------------------------------
     0 | D:5      | zenocrate the Troll Delver began the quest for the Orb.
     0 | D:5      | Reached XP level 1. HP: 22/22 MP: 0/0
     0 | D:5      | Noticed TheSexyCheese's ghost (novice CoFi)
    61 | D:5      | Reached skill level 3 in Unarmed Combat
    61 | D:5      | Reached XP level 2. HP: 29/29 MP: 1/1
    86 | D:5      | Reached XP level 3. HP: 34/36 MP: 2/2
    98 | D:5      | Reached skill level 4 in Unarmed Combat
   139 | D:5      | Noticed a scorpion
   143 | D:4      | Noticed Eustachio
   163 | D:4      | Killed Eustachio
   164 | D:4      | Reached skill level 5 in Unarmed Combat
   164 | D:4      | Reached XP level 4. HP: 17/44 MP: 3/3
   164 | D:4      | Reached XP level 5. HP: 19/50 MP: 4/4
   253 | D:4      | Noticed an ogre
   263 | D:4      | Killed an ogre
   264 | D:4      | Reached skill level 6 in Unarmed Combat
   264 | D:4      | Reached XP level 6. HP: 43/59 MP: 5/5
   319 | D:4      | Found a glowing drain.
   323 | Sewer    | Entered a sewer
   483 | Sewer    | Reached skill level 7 in Unarmed Combat
   630 | Sewer    | Reached XP level 7. HP: 55/66 MP: 6/6
   738 | D:4      | Found a basalt altar of Yredelemnul.
   918 | D:2      | Identified the +4 mace of Luxury {antimagic, rN+ Dex-3
                  | SInv}
  2333 | D:3      | Found a runed translucent gate.
  2333 | D:3      | Found a runed translucent gate.
  2333 | D:3      | Found a runed translucent gate.
  2338 | D:3      | Noticed ninjaread99's ghost (amateur DrCj)
  2990 | D:4      | Noticed Robin
  2997 | D:4      | Reached skill level 1 in Evocations
  3004 | D:4      | Killed Robin
  3398 | D:4      | Found a shimmering altar of Xom.
  3399 | D:4      | Found a hazy altar of Hepliaklqana.
  3399 | D:4      | Noticed a white ugly thing
  3400 | D:4      | Noticed a cyan ugly thing
  3400 | D:4      | Noticed a spectral ugly thing
  3546 | D:5      | Reached skill level 8 in Unarmed Combat
  3655 | D:5      | Reached XP level 8. HP: 74/74 MP: 7/7
  3778 | D:5      | Found an iron altar of Okawaru.
  4049 | D:6      | Found Reigin's Weapon Shop.
  4159 | D:6      | Reached skill level 9 in Unarmed Combat
  4353 | D:6      | Noticed a gargoyle
  4359 | D:6      | Killed a gargoyle
  4360 | D:6      | Reached skill level 10 in Unarmed Combat
  4360 | D:6      | Reached XP level 9. HP: 44/80 MP: 8/8
  4650 | D:6      | Reached skill level 1 in Armour
  4999 | D:7      | HP: 3/80 [wyvern (13)]
  5167 | D:7      | Found a staircase to the Ecumenical Temple.
  5198 | D:7      | Reached skill level 11 in Unarmed Combat
  5280 | D:5      | Became a worshipper of Warmaster Okawaru
  5698 | D:8      | Noticed Joseph
  5713 | D:8      | Killed Joseph
  5713 | D:8      | Reached * piety under Okawaru
  5714 | D:8      | Reached skill level 5 in Evocations
  5714 | D:8      | Reached XP level 10. HP: 27/88 MP: 9/9
  5813 | D:8      | Reached skill level 1 in Throwing
  5819 | D:8      | Reached skill level 1 in Invocations
  5947 | D:8      | Noticed Psyche
  5960 | D:8      | Killed Psyche
  6004 | D:8      | Found a snail-covered altar of Cheibriados.
  6755 | Temple   | Entered the Ecumenical Temple
  6914 | D:9      | Found an ancient bone altar of Kikubaaqudgha.
  7109 | D:9      | Reached ** piety under Okawaru
  7223 | D:9      | Noticed a two-headed ogre
  7262 | D:9      | HP: 4/136 [two-headed ogre/+0 giant spiked club (10)]
  7263 | D:9      | Killed a two-headed ogre
  7263 | D:9      | Reached *** piety under Okawaru
  7265 | D:9      | Reached skill level 12 in Unarmed Combat
  7338 | D:9      | Noticed a gargoyle
  7355 | D:9      | Killed a gargoyle
  7357 | D:9      | Reached XP level 11. HP: 69/98 MP: 12/12
  7690 | D:10     | Entered Level 10 of the Dungeon
  7699 | D:10     | Noticed Maurice
  7707 | D:10     | Maurice stole a throwing net
  7711 | D:10     | Killed Maurice
  7802 | D:10     | Reached skill level 5 in Armour
  7861 | D:10     | Reached **** piety under Okawaru
  8091 | D:10     | Noticed Urug
  8108 | D:10     | Killed Urug
  8213 | D:10     | Found a staircase to the Lair.
  8400 | D:10     | Found a staircase to the Orcish Mines.
  8671 | Lair:1   | Entered Level 1 of the Lair of Beasts
  8840 | Lair:1   | HP: 4/100 [blink frog (9)]
  9040 | Lair:1   | Found a blossoming altar of Fedhas.
  9234 | Lair:1   | Reached ***** piety under Okawaru
  9495 | Lair:1   | Received a gift from Okawaru
  9831 | Lair:2   | Reached skill level 5 in Invocations
  9928 | Lair:2   | Reached XP level 12. HP: 110/110 MP: 14/14
 10009 | Lair:2   | Reached skill level 5 in Fighting
 10075 | Lair:2   | Found a staircase to the Swamp.
 10143 | Lair:2   | Reached skill level 5 in Dodging
 11111 | Lair:3   | Reached skill level 5 in Throwing
 11160 | Lair:3   | Received a gift from Okawaru
 11351 | Lair:3   | Noticed a five-headed hydra
 11357 | Lair:3   | a five-headed hydra changed into a tengu
 11525 | Lair:3   | Found a staircase to the Snake Pit.
 11656 | Lair:3   | Reached skill level 13 in Unarmed Combat
 11717 | Lair:3   | Received a gift from Okawaru
 11734 | Lair:3   | Reached XP level 13. HP: 32/120 MP: 16/16
 12636 | Lair:4   | Received a gift from Okawaru
 12648 | Lair:4   | HP: 1/120 [komodo dragon (27)]
 12811 | Lair:4   | Noticed Snorg
 12829 | Lair:4   | Killed Snorg
 13373 | Lair:5   | Entered Level 5 of the Lair of Beasts
 13638 | Lair:5   | Received a gift from Okawaru
 13724 | Lair:5   | Found a staircase to the Slime Pits.
 13725 | Lair:5   | Found a transporter.
 13759 | Lair:5   | Noticed Ceno's ghost (journeyman CoWr)
 13769 | Lair:5   | Found a transporter.
 13827 | Lair:5   | Found a bloodstained altar of Trog.
 13960 | Lair:5   | Found a frozen archway.
 14155 | Lair:5   | Noticed Josephine
 14159 | Lair:5   | Noticed Sonja
 14166 | Lair:5   | Killed Josephine
 14189 | Lair:5   | Killed Sonja
 14310 | Lair:5   | an eight-headed hydra changed into a quicksilver ooze
 14310 | Lair:5   | Noticed a quicksilver ooze
 14312 | Lair:5   | Slain by a quicksilver ooze

Illustrated notes

Levels and vault maps discovered:
D:1:      dpeg_arrival_arbitrary_c, layout_loops_ring, minmay_misc_feat_iff,
          minivault_23
D:2:      layout_basic
D:3:      layout_basic, gammafunk_ghost_necromancy, corexii_leaking_fountain
D:4:      cheibrodos_greedy_goblins, layout_gridville,
          regret_index_temple_of_mockery, overflow_temple_1_default,
          mainiacjoe_sewer_entry_somewhere_in_here_2, uniq_eustachio, uniq_robin
D:5:      layout_cave_pools, mainiacjoe_overflow_cross_hatched, serial_park,
          serial_park_central [serial_park_minivault_5x5_1,
          serial_park_minivault_5x5_1], serial_park_tiny_1, serial_park_gazebo
          [serial_park_minivault_5x5_1], gammafunk_ghost_grave,
          kennysheep_generic_room_4
D:6:      minmay_opposing_rooms, layout_rooms, serial_shops,
          nicolae_shop_window_shopping, serial_rivers,
          chequers_serial_rivers_room_a, chequers_serial_rivers_micro_c,
          chequers_serial_rivers_micro_e, chequers_serial_rivers_micro_c
D:7:      layout_rooms, temple_doors_cd
D:8:      layout_layer_cave, slow_altar_1, uniq_psyche, uniq_joseph
D:9:      layout_irregular_city, mainiacjoe_overflow_24_doors,
          kennysheep_kite_vault
D:10:     layout_stronghold, lair_entry_dummy, orc_0_dummy,
          kennysheep_generic_room_12, uniq_urug, uniq_maurice
Temple:   nicolae_temple_x_marks_the_god
Lair:1:   layout_misc_corridors, basic_altar, special_room [special_room_bee],
          lemuel_old_faithful
Lair:2:   beast_lair_carwin_large_3, layout_layer_cave,
          minmay_swamp_entry_worms, patterned_corridor
Lair:3:   layout_roguey, dummy_snake_entry, st_stairs_6,
          chequers_serial_rivers_small_b, serial_bayou_shore_a,
          grunt_megastairs_4
Lair:4:   layout_cave_pods, uniq_snorg
Lair:5:   hellmonk_lair_end_abyssal_woods, layout_cave_pods, slime_entry_1,
          gammafunk_ghost_wrathful_warriors, portal_ice_cave_entry_pillars_2,
          dpeg_oklob_1, lemuel_fruit_tree, uniq_sonja, uniq_josephine

Skill      XL: |  1  2  3  4  5  6  7  8  9 10 11 12 13 |
---------------+----------------------------------------+-----
Unarmed Combat | 3 5 6 7 8 10 11 12 13 | 13.5
Stealth        | 3 |  3.3
Evocations     | 2 4 5 6 |  6.8
Armour         | 3 4 5 6 7 |  7.4
Throwing       | 2 4 5 7 |  7.5
Dodging        | 3 4 6 7 |  7.2
Invocations    | 2 5 6 7 |  7.0
Fighting       | 3 4 5 6 |  6.8

Action                     |  1- 3 |  4- 6 |  7- 9 | 10-12 | 13-15 || total
---------------------------+-------+-------+-------+-------+-------++-------
  Melee: Unarmed           |    42 |    90 |   411 |   739 |   321 ||  1603
         Punch             |     1 |     2 |    20 |    50 |    29 ||   102
  Throw: Dart              |       |       |       |    18 |       ||    18
         Boomerang         |       |       |       |       |     7 ||     7
 Invoke: Heroism           |       |       |       |     6 |     1 ||     7
         Finesse           |       |       |       |     1 |     1 ||     2
  Evoke: Wand              |       |       |     1 |     6 |     3 ||    10
    Use: Potion            |     1 |       |     3 |     7 |     3 ||    14
         Scroll            |       |     2 |    12 |     9 |     3 ||    26
   Stab: Sleeping          |       |       |    13 |     5 |       ||    18
         Invisible         |       |       |       |     5 |       ||     5
 Armour: Robe              |    45 |   103 |   335 |       |       ||   483
         Steam dragon scal |       |       |    27 |   623 |   105 ||   755
         Skin              |       |       |       |    73 |       ||    73
         Troll leather arm |       |       |       |       |   245 ||   245
  Dodge: Dodged            |    21 |    74 |   198 |   383 |   219 ||   895

Table legend: (Time is in decaauts)
 A = Elapsed time spent in this place.
 B = Non-inter-level travel time spent in this place.
 C = Inter-level travel time spent in this place.
 D = Time resting spent in this place.
 E = Time spent auto-exploring this place.
 F = Levels seen in this place.
 G = Mean time per level.
                   A        B        C        D        E       F      G
               +--------+--------+--------+--------+--------+-----+--------+
         Total |  13972 |  13378 |    594 |     66 |  10298 |  17 |  821.9 |
       Dungeon |   8330 |   7892 |    438 |     38 |   6215 |  10 |  833.0 |
        Temple |      1 |      1 |      0 |      0 |      0 |   1 |    1.0 |
          Lair |   5268 |   5114 |    154 |      0 |   3891 |   5 | 1053.6 |
         Sewer |    370 |    370 |      0 |     28 |    192 |   1 |  370.0 |
               +--------+--------+--------+--------+--------+-----+--------+

Top non-repeatable levels by time:
  Lair:2: 1317 daAuts
     D:8: 1289 daAuts
    D:10: 1163 daAuts
  Lair:4: 1134 daAuts
  Lair:3: 1125 daAuts
     D:9: 877 daAuts
  Lair:5: 861 daAuts
  Lair:1: 828 daAuts
     D:2: 811 daAuts
     D:4: 775 daAuts
     D:3: 767 daAuts
     D:6: 748 daAuts
     D:5: 720 daAuts
     D:1: 605 daAuts
     D:7: 570 daAuts
